AoeStats
← Sky Lord

Arena

506754276Analyzed
4v4 RM · 2mo ago on Sep 15, 2026· 43m 22s· 8 players
Game mode
Random Map
Map size
Large (8 player)
Population
200
Speed
Normal
Resources
Standard
Victory
Conquest
Starting age
Dark Age
Ending age
Imperial Age
RankedLock teamsTeams togetherTeam positionsShared explorationLock speedFull tech treeHidden civsTurbo modeCheats
Victory
Defeat
🇲🇽 Cumans · Mexico
871
+18
🇲🇽 Portuguese · Mexico
842
+19
🇲🇽 Britons · Mexico
805
+21
🇲🇽 Hindustanis · Mexico
731
+23
vs
🇺🇸 Mongols · United States
1000
-82
🇦🇷 Japanese · Argentina
918
-21
🇦🇷 Romans · Argentina
882
-19
🇺🇸 Teutons · United States
860
-18
GerAoe
10:06 Feudal Age
11:08 Loom
18:14 Castle Age
19:22 Double-Bit Axe
25:27 Castle Age
STOOGES19697454
6:17 Loom
10:25 Feudal Age
13:43 Double-Bit Axe
13:42 Horse Collar
19:09 Castle Age
17:07 Gold Mining
20:01 Pikeman
20:45 Scale Mail Armor
22:42 Wheelbarrow
23:50 Squires
25:55 Chain Mail Armor
25:50 Forging
30:36 Hand Cart
37:45 Imperial Age
36:03 Iron Casting
38:25 Halberdier
39:01 Capped Ram
40:43 Bow Saw
41:24 Onager
jcarroll10
12:10 Feudal Age
16:18 Castle Age
14:14 Double-Bit Axe
16:52 Scale Barding Armor
27:01 Horse Collar
sqwamaster
2:43 Loom
11:48 Feudal Age
12:20 Double-Bit Axe
19:08 Castle Age
22:57 Wheelbarrow
23:39 Elite Skirmisher
29:06 Light Cavalry
29:47 Husbandry
29:51 Squires
30:34 Gold Mining
32:27 Bloodlines
33:35 Hand Cart
38:23 Imperial Age
39:23 Elite Steppe Lancer
Basicopata
12:04 Feudal Age
18:02 Castle Age
16:13 Padded Archer Armor
18:48 Fletching
20:26 Crossbowman
22:49 Bodkin Arrow
23:11 Leather Archer Armor
23:12 Double-Bit Axe
24:52 Bow Saw
30:14 Yeomen
41:14 Imperial Age
42:59 Chemistry
Sky Lord
8:08 Loom
9:57 Feudal Age
14:03 Loom
17:05 Castle Age
16:21 Double-Bit Axe
20:55 Wheelbarrow
28:08 Imperial Age
27:13 Scale Barding Armor
29:51 Chain Barding Armor
32:29 Gold Mining
32:22 Horse Collar
36:51 Chemistry
38:52 Cavalier
41:31 Bloodlines
41:22 Husbandry
41:10 Elite Organ Gun
42:24 Hand Cart
43:08 Treadmill Crane
43:51 Bow Saw
Silver
0:30 Loom
3:17 Loom
10:29 Feudal Age
12:03 Double-Bit Axe
13:08 Wheelbarrow
12:32 Horse Collar
15:12 Gold Mining
19:39 Castle Age
17:42 Stone Mining
20:07 Forging
20:47 Bow Saw
20:39 Heavy Plow
22:01 Hand Cart
22:18 Husbandry
23:45 Stone Shaft Mining
26:48 Pikeman
27:28 Squires
27:28 Man-at-Arms
30:47 Ballistics
33:07 Long Swordsman
33:49 Squires
33:34 Arson
36:48 Murder Holes
37:04 Fortified Wall
37:34 Iron Casting
36:59 Scale Mail Armor
37:05 Scale Barding Armor
36:52 Fletching
37:02 Padded Archer Armor
39:39 Imperial Age
37:56 Grand Trunk Road
39:37 Thumb Ring
38:53 Elite Skirmisher
41:34 Blast Furnace
40:49 Chain Mail Armor
40:54 Chain Barding Armor
41:53 Chemistry
42:25 Conscription
43:18 Two-Man Saw
43:47 Bloodlines
42:58 Light Cavalry
Mau Snow
5:10 Loom
9:52 Feudal Age
14:14 Double-Bit Axe
25:03 Castle Age
23:55 Scale Mail Armor
25:16 Capped Ram
26:19 Bow Saw
26:47 Horse Collar
27:59 Pikeman
29:27 Gold Mining
30:03 Chain Mail Armor
34:32 Wheelbarrow
35:24 Forging
37:33 Squires
44:36 Imperial Age
Connection lost

Rejoining the realm…

Still unreachable

The connection could not be restored.

Session expired

The server has moved on; the page needs a fresh start.